BSA
FRESNO DEPLORABLES @ JERSEY SHORE D-BAGS
06/26/2027
 
TOP OF THE 1ST
Fresno Deplorables batting - Pitching for Jersey Shore D-Bags : RHP Bob Moss
Pitching: RHP Bob Moss
Batting: LHB John Cotton 0-0: Called Strike
0-1: Ground out 6-3 (Groundball, 6M)
Batting: LHB Keith Beard 0-0: Ball
1-0: Ground out 4-3 (Groundball, 4S)
Batting: LHB Jeff Daniels 0-0: Ball
1-0: Ball
2-0: Fly out, F7 (Flyball, 7S)
Top of the 1st over - 0 run(s), 0 hit(s), 0 error(s), 0 left on base; Fresno 0 - Jersey Shore 0
BOTTOM OF THE 1ST
Jersey Shore D-Bags batting - Pitching for Fresno Deplorables : RHP Dionisio Penni
Pitching: RHP Dionisio Penni
Batting: RHB Ricardo González 0-0: Ball
1-0: Ball
2-0: Called Strike
2-1: Ball
3-1: Base on Balls
Batting: RHB Lawrence Yates 0-0: Ball
1-0: Grounds into double play, 6-4-3 (Groundball, 6)
Batting: RHB Millard Boyd 0-0: Fly out, F8 (Flyball, 8RS)
Bottom of the 1st over - 0 run(s), 0 hit(s), 0 error(s), 0 left on base; Fresno 0 - Jersey Shore 0
TOP OF THE 2ND
Fresno Deplorables batting - Pitching for Jersey Shore D-Bags : RHP Bob Moss
Batting: RHB Paco Arellano 0-0: Ball
1-0: Ball
2-0: Ball
3-0: Called Strike
3-1: Ground out 6-3 (Groundball, 6)
Batting: LHB Paul Mullins 0-0: SINGLE (Line Drive, 34D)
Batting: RHB Dani Vázquez 0-0: Foul Ball, location: 2F
0-1: Ball
1-1: Called Strike
1-2: Ball
2-2: Grounds into double play, 6-4-3 (Groundball, 6)
Top of the 2nd over - 0 run(s), 1 hit(s), 0 error(s), 0 left on base; Fresno 0 - Jersey Shore 0
BOTTOM OF THE 2ND
Jersey Shore D-Bags batting - Pitching for Fresno Deplorables : RHP Dionisio Penni
Batting: RHB Miguel Serna 0-0: Called Strike
0-1: Ball
1-1: Swinging Strike
1-2: Ball
2-2: Foul Ball, location: 2F
2-2: Foul Ball, location: 2F
2-2: Ball
3-2: Strikes out swinging
Batting: RHB Alfredo Rivera 0-0: Ball
1-0: Ball
2-0: Ball
3-0: Base on Balls
Batting: RHB Luis Ríos 0-0: Ball
Alfredo Rivera is caught stealing 2nd base
1-0: Ground out 5-3 (Groundball, 5L)
Bottom of the 2nd over - 0 run(s), 0 hit(s), 0 error(s), 0 left on base; Fresno 0 - Jersey Shore 0
TOP OF THE 3RD
Fresno Deplorables batting - Pitching for Jersey Shore D-Bags : RHP Bob Moss
Batting: RHB Aaron Scott 0-0: Hit by Pitch
Batting: LHB Tom Blake 0-0: Called Strike
0-1: Called Strike
0-2: DOUBLE (Flyball, 7D)
Aaron Scott to third
Runner from 3rd tries for Home, SAFE, throw made home
Batting: RHB Germán Rosales 0-0: Ball
1-0: Ball
2-0: Called Strike
2-1: Ground out 6-3 (Groundball, 6)
Batting: LHB John Cotton 0-0: Called Strike
0-1: Ground out 6-3 (Groundball, 6M)
Tom Blake to third
Batting: LHB Keith Beard 0-0: Foul Ball, location: 2F
0-1: Foul Ball, location: 2F
0-2: Ball
1-2: Ball
2-2: Foul Ball, location: 2F
2-2: Ball
3-2: Foul Ball, location: 2F
3-2: SINGLE (Line Drive, 9LS)
Tom Blake scores
Batting: LHB Jeff Daniels 0-0: SINGLE (Line Drive, 7S)
Keith Beard to second
Batting: RHB Paco Arellano 0-0: Ball
1-0: Called Strike
1-1: SINGLE (Line Drive, 9S)
Keith Beard to third
Jeff Daniels to second
Runner from 3rd tries for Home, SAFE, no throw
Batting: LHB Paul Mullins 0-0: Ball
1-0: Swinging Strike
1-1: Called Strike
1-2: Ball
2-2: Strikes out looking
Top of the 3rd over - 3 run(s), 4 hit(s), 0 error(s), 2 left on base; Fresno 3 - Jersey Shore 0
BOTTOM OF THE 3RD
Jersey Shore D-Bags batting - Pitching for Fresno Deplorables : RHP Dionisio Penni
Batting: LHB Robert Phillips 0-0: Ball
1-0: Ball
2-0: SINGLE (Line Drive, 8LS)
Batting: LHB Ed Murray 0-0: Grounds into double play, 6-4-3 (Groundball, 6)
Batting: RHB Cy Keynes 0-0: Ball
1-0: Called Strike
1-1: Swinging Strike
1-2: Ground out 4-3 (Groundball, 4)
Bottom of the 3rd over - 0 run(s), 1 hit(s), 0 error(s), 0 left on base; Fresno 3 - Jersey Shore 0
TOP OF THE 4TH
Fresno Deplorables batting - Pitching for Jersey Shore D-Bags : RHP Bob Moss
Batting: RHB Dani Vázquez 0-0: Foul Ball, location: 2F
0-1: Ball
1-1: Foul Ball, location: 2F
1-2: Foul Ball, location: 2F
1-2: SINGLE (Line Drive, 89S)
Batting: RHB Aaron Scott 0-0: Ball
1-0: Ground out 4-3 (Groundball, 4S)
Dani Vázquez to second
Batting: LHB Tom Blake 0-0: Fly out, F5 (Popup, 5S)
Batting: RHB Germán Rosales 0-0: Called Strike
0-1: Called Strike
0-2: Strikes out swinging
Top of the 4th over - 0 run(s), 1 hit(s), 0 error(s), 1 left on base; Fresno 3 - Jersey Shore 0
BOTTOM OF THE 4TH
Jersey Shore D-Bags batting - Pitching for Fresno Deplorables : RHP Dionisio Penni
Batting: RHB Ricardo González 0-0: Ball
1-0: Ball
2-0: Ball
3-0: Called Strike
3-1: Called Strike
3-2: Base on Balls
Batting: RHB Lawrence Yates 0-0: Ball
1-0: Ball
2-0: Called Strike
2-1: Foul Ball, location: 2F
2-2: Strikes out looking
Batting: RHB Millard Boyd 0-0: Ball
1-0: Called Strike
1-1: Called Strike
1-2: Foul Ball, location: 2F
1-2: Ball
2-2: Strikes out looking
Batting: RHB Miguel Serna 0-0: Foul Ball, location: 2F
0-1: Called Strike
0-2: DOUBLE (Line Drive, 7LS)
Ricardo González to third
Ricardo González scores
Batting: RHB Alfredo Rivera 0-0: Ball
1-0: Foul Ball, location: 2F
1-1: Ball
2-1: Ball
3-1: TRIPLE (Line Drive, 9D)
Miguel Serna scores
Batting: RHB Luis Ríos 0-0: Ground out 6-3 (Groundball, 6S)
Bottom of the 4th over - 2 run(s), 2 hit(s), 0 error(s), 1 left on base; Fresno 3 - Jersey Shore 2
TOP OF THE 5TH
Fresno Deplorables batting - Pitching for Jersey Shore D-Bags : RHP Bob Moss
Batting: LHB John Cotton 0-0: Called Strike
0-1: Fly out, F7 (Flyball, 7LM)
Batting: LHB Keith Beard 0-0: Ball
1-0: Foul Ball, location: 2F
1-1: Ball
2-1: Ground out 3-1 (Groundball, 34)
Batting: LHB Jeff Daniels 0-0: Foul Ball, location: 2F
0-1: Ball
1-1: Ball
2-1: Ball
3-1: Ground out 4-3 (Groundball, 4)
Top of the 5th over - 0 run(s), 0 hit(s), 0 error(s), 0 left on base; Fresno 3 - Jersey Shore 2
BOTTOM OF THE 5TH
Jersey Shore D-Bags batting - Pitching for Fresno Deplorables : RHP Dionisio Penni
Batting: LHB Robert Phillips 0-0: Called Strike
0-1: Ball
1-1: Foul Ball, location: 2F
1-2: SINGLE (Flyball, 8RS)
Batting: LHB Ed Murray 0-0: Called Strike
0-1: Swinging Strike
0-2: SINGLE (Groundball, 4D)
Robert Phillips to second
Runner from 2nd tries for 3rd, SAFE, no throw
Batting: RHB Cy Keynes 0-0: Foul Ball, location: 2F
0-1: Ball
1-1: Ball
2-1: Foul Ball, location: 2F
2-2: Foul Ball, location: 2F
2-2: Foul Ball, location: 2F
2-2: Ball
Throwing error on steal attempt, E2
Robert Phillips scores
Ed Murray to third
3-2: Strikes out swinging
Batting: RHB Ricardo González 0-0: Intentional Walk
Batting: RHB Lawrence Yates 0-0: Called Strike
0-1: Ball
1-1: Grounds into double play, 6-4-3 (Groundball, 6)
Bottom of the 5th over - 1 run(s), 2 hit(s), 1 error(s), 1 left on base; Fresno 3 - Jersey Shore 3
TOP OF THE 6TH
Fresno Deplorables batting - Pitching for Jersey Shore D-Bags : RHP Bob Moss
Batting: RHB Paco Arellano 0-0: Ball
1-0: Called Strike
1-1: Foul Ball, location: 2F
1-2: SINGLE (Groundball, 13S) (infield hit)
Batting: LHB Paul Mullins 0-0: Ball
1-0: Called Strike
1-1: Foul Ball, location: 2F
1-2: Ball
2-2: Ball
3-2: Fly out, F8 (Line Drive, 8LS)
Batting: RHB Dani Vázquez 0-0: Called Strike
0-1: Ball
1-1: Grounds into double play, 6-4-3 (Groundball, 6)
Top of the 6th over - 0 run(s), 1 hit(s), 0 error(s), 0 left on base; Fresno 3 - Jersey Shore 3
BOTTOM OF THE 6TH
Jersey Shore D-Bags batting - Pitching for Fresno Deplorables : RHP Dionisio Penni
Batting: RHB Millard Boyd 0-0: Fly out, F6 (Line Drive, 6M)
Batting: RHB Miguel Serna 0-0: Ball
1-0: Ball
2-0: Called Strike
2-1: Swinging Strike
2-2: Ball
3-2: Strikes out looking
Batting: RHB Alfredo Rivera 0-0: Ball
1-0: Ball
2-0: Called Strike
2-1: SINGLE (Groundball, 34D)
Pitching: RHP José Rivera
Batting: RHB Luis Ríos 0-0: Ball
1-0: Ball
2-0: SINGLE (Line Drive, 7S)
Alfredo Rivera to second
Batting: LHB Robert Phillips 0-0: Foul Ball, location: 2F
0-1: Called Strike
0-2: Foul Ball, location: 2F
0-2: Strikes out swinging
Bottom of the 6th over - 0 run(s), 2 hit(s), 0 error(s), 2 left on base; Fresno 3 - Jersey Shore 3
TOP OF THE 7TH
Fresno Deplorables batting - Pitching for Jersey Shore D-Bags : RHP Bob Moss
Batting: RHB Aaron Scott 0-0: Called Strike
0-1: Ball
1-1: Ball
2-1: Fly out, F1 (Line Drive, 15)
Batting: LHB Tom Blake 0-0: Foul Ball, location: 2F
0-1: Ground out 3-1 (Groundball, 34)
Batting: RHB Germán Rosales 0-0: Called Strike
0-1: Ball
1-1: Called Strike
1-2: Strikes out looking
Top of the 7th over - 0 run(s), 0 hit(s), 0 error(s), 0 left on base; Fresno 3 - Jersey Shore 3
BOTTOM OF THE 7TH
Jersey Shore D-Bags batting - Pitching for Fresno Deplorables : RHP José Rivera
Pitching: LHP Juan Ortíz
Pinch Hitting: RHB Eugenio Lucero 0-0: Ball
1-0: Ball
2-0: Foul Ball, location: 2F
2-1: Ball
3-1: Foul Ball, location: 2F
3-2: Base on Balls
Pitching: LHP Rob Greene
Batting: RHB Cy Keynes 0-0: Ground out 4-3 (Groundball, 34)
Eugenio Lucero to second
Batting: RHB Ricardo González 0-0: Intentional Walk
Batting: RHB Lawrence Yates 0-0: Called Strike
0-1: Swinging Strike
0-2: SINGLE (Groundball, 4MD)
Eugenio Lucero to third
Ricardo González to second
Runner from 3rd tries for Home, SAFE, no throw
Batting: RHB Millard Boyd 0-0: Called Strike
0-1: Ball
1-1: Called Strike
1-2: Ball
2-2: Grounds into double play, 6-4-3 (Groundball, 6)
Bottom of the 7th over - 1 run(s), 1 hit(s), 0 error(s), 1 left on base; Fresno 3 - Jersey Shore 4
TOP OF THE 8TH
Fresno Deplorables batting - Pitching for Jersey Shore D-Bags : RHP Bob Moss
Now at 1B: Derek Ramsey
Now in RF: Eugenio Lucero
Batting: LHB John Cotton 0-0: Called Strike
0-1: Foul Ball, location: 2F
0-2: Ground out U3 (Groundball, 3L)
Batting: LHB Keith Beard 0-0: Called Strike
0-1: Swinging Strike
0-2: Ball
1-2: Ball
2-2: Ground out 4-3 (Groundball, 34)
Batting: LHB Jeff Daniels 0-0: Ball
1-0: Ball
2-0: Called Strike
2-1: Foul Ball, location: 2F
2-2: Foul Ball, location: 2F
2-2: Foul Ball, location: 2F
2-2: Ball
3-2: DOUBLE (Groundball, 5L)
Pitching: RHP Paco Gutiérrez
Batting: RHB Paco Arellano 0-0: Called Strike
0-1: Ball
1-1: Ball
2-1: Called Strike
2-2: Foul Ball, location: 2F
2-2: Foul Ball, location: 2F
2-2: Strikes out swinging
Top of the 8th over - 0 run(s), 1 hit(s), 0 error(s), 1 left on base; Fresno 3 - Jersey Shore 4
BOTTOM OF THE 8TH
Jersey Shore D-Bags batting - Pitching for Fresno Deplorables : LHP Rob Greene
Batting: RHB Miguel Serna 0-0: Fly out, F5 (Popup, 56)
Batting: RHB Derek Ramsey 0-0: Ball
1-0: Called Strike
1-1: DOUBLE (Flyball, 78D)
Batting: RHB Luis Ríos 0-0: Intentional Walk
Pinch Runner at 2nd Albert Morgan:
Batting: LHB Robert Phillips 0-0: Called Strike
0-1: Fly out, F3 (Line Drive, 3)
Lined into DP, U3 (Line Drive, 3)
Bottom of the 8th over - 0 run(s), 1 hit(s), 0 error(s), 1 left on base; Fresno 3 - Jersey Shore 4
TOP OF THE 9TH
Fresno Deplorables batting - Pitching for Jersey Shore D-Bags : RHP Paco Gutiérrez
Pitching: LHP Hyo-chin Kim
Now at 1B: Albert Morgan
Batting: LHB Paul Mullins 0-0: Called Strike
0-1: Ground out 6-3 (Groundball, 6D)
Batting: RHB Dani Vázquez 0-0: Ball
1-0: Foul Ball, location: 2F
1-1: Swinging Strike
1-2: Ball
2-2: Fly out, F2 (Popup, P)
Batting: RHB Aaron Scott 0-0: Called Strike
0-1: Called Strike
0-2: Ball
1-2: Ball
2-2: Ball
3-2: SINGLE (Groundball, 3D)
Pinch Runner at 1st Elpidio Martinho:
Batting: LHB Tom Blake 0-0: Foul Ball, location: 2F
0-1: Foul Ball, location: 2F
0-2: Ball
1-2: Strikes out looking
Top of the 9th over - 0 run(s), 1 hit(s), 0 error(s), 1 left on base; Fresno 3 - Jersey Shore 4
Thursday, March 30th, 2017 - OOTP Baseball 17.12 Build 75